 Dungeon Sprint DCSS version 0.31-a0-986-g5e6e4ef867 (webtiles) character file.

Game seed: 2793844662778621496

256 rocky1 the Grappler (level 9, -4/177 HPs)
             Began as a Naga Shapeshifter on Nov 24, 2023.
             Was a Priest of Cheibriados.
             Slain by the 27-headed Lernaean hydra (8 damage)
             ... in the Dungeon (Sprint VI: "Thunderdome").
             The game lasted 00:06:38 (402 turns).

rocky1 the Grappler (Naga Shapeshifter)              Turns: 402, Time: 00:06:39

Health: -4/177     AC: 24    Str: 26    XL:     9   Next: 75%
Magic:  15/15      EV:  1    Int: 33    God:    Cheibriados [***...]
Gold:   465        SH:  0    Dex: 23    Spells: 8/8 levels left

rFire   + .          .
                       - Unarmed
rCold   . . .        (no shield)
rNeg    . . .        a - melded +0 animal skin
rPois   +            (helmet currently unavailable)
rElec   .            (cloak currently unavailable)
rCorr   .            (gloves currently unavailable)
SInv    +            (no barding)
Will    ++...        o - amulet "Hearuuli" {Regen+ Int+6} Stlth
                     e - ring "Lakhuu Watt" {rF+ Will+ Int+3 Dex+3}
HPRegen 1.29/turn    p - ring of Contentment {EV+5 Int+7}
MPRegen 0.14/turn

%: no teleportation
@: berserking, tree-form, very slow
A: stationary, stasis, torment immunity, boosted hp, AC +3, large, see
invisible, (deformed body), (poison resistance), (slowness 2), spit poison 1,
(naga tail 1)
a: Spit Poison, Renounce Religion, Bend Time, Temporal Distortion


You were in the Dungeon.
You worshipped Cheibriados.
Cheibriados was most pleased with you.
You were a tree.
You visited 1 branch You collected 600 gold pieces.
You spent 135 gold pieces at shops.

Inventory:

Armour
 a - a +0 animal skin (melded)
Jewellery
 e - the ring "Lakhuu Watt" (left branch) {rF+ Will+ Int+3 Dex+3}
   (You bought it in a shop in the Dungeon)

   [ring of protection from fire]

   Int+3:     It affects your intelligence (+3).
   Dex+3:     It affects your dexterity (+3).
   rF+:       It protects you from fire.
   Will+:     It increases your willpower.
 o - the amulet "Hearuuli" (around neck) {Regen+ Int+6}
   (You bought it in a shop in the Dungeon)

   [amulet of regeneration]

   Int+6:     It affects your intelligence (+6).
   Regen+:    It increases your rate of health regeneration.
 p - the ring of Contentment (right branch) {EV+5 Int+7}
   (You bought it in a shop in the Dungeon)

   [ring of evasion]

   EV+5:      It affects your evasion (+5).
   Int+7:     It affects your intelligence (+7).
Talismans
 c - a beast talisman
 d - a flux talisman
Wands
 m - a wand of roots (2) (quivered)
Scrolls
 j - 4 scrolls of blinking
 n - 3 scrolls of fog
Potions
 g - 4 potions of haste
 h - a potion of magic
 k - 2 potions of resistance


   Skills:
 + Level 4.6 Fighting
 + Level 5.0 Dodging
 - Level 2.2 Stealth
 + Level 14.4 Unarmed Combat
 * Level 9.3 Invocations
 - Level 0.7 Evocations
 + Level 12.0 Shapeshifting


You had 8 spell levels left.
You didn't know any spells.
Your spell library was empty.

Dungeon Overview and Level Annotations

Branches:
Dungeon (1/1)

Altars:
Cheibriados
Dithmenos
Fedhas
Gozag
Kikubaaqudgha
Makhleb
Okawaru
Qazlal
Ru
Sif Muna
Trog
Uskayaw
Vehumet
Wu Jian
Xom
Yredelemnul
Zin
The Shining One
Lugonu

Shops:
D *[=??*?*:[((!!!!

Annotations:
D Lernaean hydra


Innate Abilities, Weirdness & Mutations

You are a tree.
Your roots penetrate the ground, keeping you stationary.
You cannot be teleported.
You are immune to unholy pain and torment.
Your maximum health is greatly increased.
Your equipment is partially melded.
((Your serpentine skin is tough. (AC +3)))
You have supernaturally acute eyesight. (SInv)
((Armour fits poorly on your strangely shaped body.))
((Your system is resistant to poisons. (rPois)))
((You cover ground very slowly.))
You can spit poison.
((You have a snake-like lower body.))


Message History

The 27-headed Lernaean hydra bites you but does no damage.
The 27-headed Lernaean hydra bites you!
The 27-headed Lernaean hydra bites you but does no damage. x2
The 27-headed Lernaean hydra bites you. The 27-headed Lernaean hydra bites you!
The 27-headed Lernaean hydra bites you but does no damage.
The 27-headed Lernaean hydra bites you. x2
The 27-headed Lernaean hydra bites you but does no damage. x3
The 27-headed Lernaean hydra bites you!
The 27-headed Lernaean hydra bites you but does no damage. x2
The 27-headed Lernaean hydra bites you.
* * * LOW HITPOINT WARNING * * *
The 27-headed Lernaean hydra bites you but does no damage.
The 27-headed Lernaean hydra completely misses you.
The 27-headed Lernaean hydra bites you.
* * * LOW HITPOINT WARNING * * *
The 27-headed Lernaean hydra bites you but does no damage.
The 27-headed Lernaean hydra bites you!
* * * LOW HITPOINT WARNING * * *
The 27-headed Lernaean hydra bites you but does no damage.
The 27-headed Lernaean hydra bites you!
* * * LOW HITPOINT WARNING * * *
The 27-headed Lernaean hydra bites you but does no damage. x4
Unknown command.
Okay, then.
You pummel the 27-headed Lernaean hydra!!
The 27-headed Lernaean hydra is severely wounded.
Unknown command.
A red film seems to cover your vision as you go berserk!
Cheibriados forces you to slow down.
You feel mighty!
The 27-headed Lernaean hydra bites you but does no damage.
The 27-headed Lernaean hydra bites you!
* * * LOW HITPOINT WARNING * * *
The 27-headed Lernaean hydra bites you.
* * * LOW HITPOINT WARNING * * *
The 27-headed Lernaean hydra bites you!
* * * LOW HITPOINT WARNING * * *
The 27-headed Lernaean hydra bites you but does no damage. x10
The 27-headed Lernaean hydra bites you!
You die...

#∩.......∩# #_......._#
#_........# #_......._#
###.........###
#⌠....)......⌠#
######.8......)..8.#####
##∩___......###.).)..___∩
###∩......♣.8.# #.8[.)[....
##........)D...###..........
#⌠.....)....###...###...)...
#⌠..........# #.<.# #.......
#⌠..........###...###.......
##.............###..........
###∩........8.# #.8........
##∩.__.[....###...)..___∩
######.8.........8.#####


You could see the 27-headed Lernaean hydra.

Vanquished Creatures
  An ogre mage (D)
  A two-headed ogre (D)
  2 deep elf pyromancers (D)
  A deep elf zephyrmancer (D)
  Sigmund (D)
  5 ogres (D)
  Jessica (D)
  Terence (D)
  A worm (D)
  A dart slug (D)
  2 endoplasms (D)
  A goblin (D)
  A hobgoblin (D)
  A kobold (D)
20 creatures vanquished.

Notes
Turn   | Place    | Note
-------+----------+-------------------------------------------
     0 | D        | rocky1 the Naga Shapeshifter began the quest for the Orb.
     0 | D        | Reached XP level 1. HP: 18/18 MP: 1/1
     3 | D        | Found a burning altar of Makhleb.
     3 | D        | Found an opulent altar of Gozag.
     4 | D        | Found a radiant altar of Vehumet.
     4 | D        | Round 1.
     5 | D        | Found a glowing silver altar of Zin.
     6 | D        | Found Lashrodwi's Identification Station.
     6 | D        | Found a shimmering altar of Xom.
     6 | D        | Found a corrupted altar of Lugonu.
     6 | D        | Found Otsaerphanyl's Timeless Talismans.
     7 | D        | Found Utehe's Advanced Armour.
     7 | D        | Found Ziroipti's Jewellery.
    10 | D        | Found a snail-covered altar of Cheibriados.
    15 | D        | Found a bloodstained altar of Trog.
    16 | D        | Found a stormy altar of Qazlal.
    22 | D        | Found Gapnaffy's Magic Scroll Shop.
    31 | D        | Found Pusoyhod's Magic Scroll Shop.
    32 | D        | Found Kalyr's Must-Have Magic.
    33 | D        | Found a sacrificial altar of Ru.
    33 | D        | Found a hide-covered altar of Uskayaw.
    33 | D        | Found Zenaj's Staff Store.
    54 | D        | Reached XP level 2. HP: 20/25 MP: 2/2
    85 | D        | Noticed Sigmund
    89 | D        | Killed Sigmund
    89 | D        | Arena points: 12 (+12) [x2]
    90 | D        | Reached skill level 7 in Unarmed Combat
    90 | D        | Reached XP level 3. HP: 32/32 MP: 3/3
    90 | D        | Reached XP level 4. HP: 39/39 MP: 4/4
    90 | D        | Reached XP level 5. HP: 45/45 MP: 5/5
    96 | D        | Found an ornate altar of the Wu Jian Council.
   107 | D        | Found Jackul's Premium Goods.
   108 | D        | Found an ancient bone altar of Kikubaaqudgha.
   108 | D        | Found a basalt altar of Yredelemnul.
   108 | D        | Found Ysheligg's Weapon Rack.
   108 | D        | Found Mulis's Miscellaneous Merchandise.
   108 | D        | Found Xiph's Basic Armour.
   112 | D        | Found a glowing golden altar of the Shining One.
   113 | D        | Found a shimmering blue altar of Sif Muna.
   116 | D        | Found a blossoming altar of Fedhas.
   118 | D        | Found Dotiff's Do-It-Yourself Clinic.
   119 | D        | Found Qoocouty's Bottled Wisdom.
   119 | D        | Found Qaaqar's Distillery.
   120 | D        | Found an iron altar of Okawaru.
   120 | D        | Found a shadowy altar of Dithmenos.
   120 | D        | Found Woilaonay's Distillery.
   135 | D        | Round 2.
   145 | D        | Became a worshipper of Cheibriados the Contemplative
   176 | D        | Noticed Jessica
   181 | D        | Killed Jessica
   183 | D        | Noticed Terence
   190 | D        | Killed Terence
   190 | D        | Reached * piety under Cheibriados
   191 | D        | Reached skill level 8 in Unarmed Combat
   208 | D        | Bought a fine platinum ring for 45 gold pieces
   208 | D        | Identified the ring "Lakhuu Watt" {rF+ Will+ Int+3 Dex+3}
                  | (You bought it in a shop in the Dungeon)
   208 | D        | Bought a heavily runed sapphire amulet for 45 gold pieces
   208 | D        | Identified the amulet "Hearuuli" {Regen+ Int+6} (You bought
                  | it in a shop in the Dungeon)
   208 | D        | Bought a warped bronze ring for 45 gold pieces
   208 | D        | Identified the ring of Contentment {EV+5 Int+7} (You bought
                  | it in a shop in the Dungeon)
   225 | D        | Arena points: 48 (+36) [x3]
   251 | D        | Round 3.
   252 | D        | Noticed a deep elf pyromancer
   262 | D        | Killed a deep elf pyromancer
   262 | D        | Reached ** piety under Cheibriados
   263 | D        | Reached skill level 10 in Unarmed Combat
   263 | D        | Reached XP level 6. HP: 48/56 MP: 5/9
   263 | D        | Reached XP level 7. HP: 54/62 MP: 5/10
   266 | D        | Noticed a deep elf pyromancer
   268 | D        | Noticed a deep elf pyromancer
   270 | D        | Noticed a fire elemental
   270 | D        | Noticed a deep elf zephyrmancer
   274 | D        | Killed a deep elf pyromancer
   275 | D        | Reached skill level 1 in Stealth
   275 | D        | Reached skill level 11 in Unarmed Combat
   275 | D        | Reached skill level 5 in Invocations
   275 | D        | Reached skill level 10 in Shapeshifting
   275 | D        | Reached XP level 8. HP: 37/69 MP: 7/12
   278 | D        | Killed a deep elf zephyrmancer
   278 | D        | Reached *** piety under Cheibriados
   279 | D        | Noticed a deep elf zephyrmancer
   280 | D        | Noticed a deep elf pyromancer
   290 | D        | Arena points: 96 (+48) [x4]
   298 | D        | Round 4.
   305 | D        | Reached skill level 12 in Unarmed Combat
   305 | D        | Noticed a two-headed ogre
   318 | D        | Noticed an ogre mage
   330 | D        | Killed an ogre mage
   330 | D        | Reached **** piety under Cheibriados
   331 | D        | Reached skill level 13 in Unarmed Combat
   331 | D        | Reached XP level 9. HP: 78/78 MP: 13/15
   333 | D        | Killed a two-headed ogre
   334 | D        | Reached skill level 14 in Unarmed Combat
   368 | D        | Arena points: 256 (+160) [x5]
   369 | D        | Reached skill level 5 in Dodging
   386 | D        | Round 5.
   394 | D        | Noticed the 27-headed Lernaean hydra
   402 | D        | HP: 4/177 [the 27-headed Lernaean hydra (7)]
   402 | D        | Slain by the 27-headed Lernaean hydra

Illustrated notes

Levels and vault maps discovered:
D:        arena_sprint

Skill      XL: |  1  2  3  4  5  6  7  8  9 |
---------------+----------------------------+-----
Fighting       | 2 3 4 |  4.6
Dodging        | 3 4 5 |  5.0
Unarmed Combat | 7 10 11 13 14 | 14.4
Shapeshifting  | 7 9 10 11 12 | 12.0
Invocations    | 4 5 8 9 |  9.3
Stealth        | 1 2 |  2.2
Evocations     | |  0.7

Action                     |  1- 3 |  4- 6 |  7- 9 || total
---------------------------+-------+-------+-------++-------
  Melee: Unarmed           |    13 |    18 |    35 ||    66
         Punch             |     1 |     1 |       ||     2
 Invoke: Slouch            |       |       |     3 ||     3
  Evoke: Wand              |     2 |       |     6 ||     8
    Use: Potion            |     2 |       |     6 ||     8
   Stab: Invisible         |       |       |     1 ||     1
 Armour: Animal skin       |     7 |     8 |     8 ||    23
         Skin              |       |       |    67 ||    67
  Dodge: Dodged            |     3 |     8 |    27 ||    38

Table legend: (Time is in decaauts)
 A = Elapsed time spent in this place.
 B = Non-inter-level travel time spent in this place.
 C = Inter-level travel time spent in this place.
 D = Time resting spent in this place.
 E = Time spent auto-exploring this place.
 F = Levels seen in this place.
 G = Mean time per level.
                   A        B        C        D        E       F      G
               +--------+--------+--------+--------+--------+-----+--------+
         Total |    612 |    612 |      0 |     41 |      0 |   1 |  612.0 |
       Dungeon |    612 |    612 |      0 |     41 |      0 |   1 |  612.0 |
               +--------+--------+--------+--------+--------+-----+--------+

Top non-repeatable levels by time:
       D: 612 daAuts
